| TOP OF THE 1ST |
|
Wausau Timbers batting - Pitching for Danville Veterans : LHP Donald Johnson
|
|
Pitching: LHP Donald Johnson
|
|
|
Batting: SHB Herman Lewis
|
0-0: Ball 1-0: Ball 2-0: Called Strike 2-1: Foul Ball, location: 2F 2-2: Reached via error on a dropped throw from SS, E3 (Groundball, 56, EV 106.9 MPH)
|
|
Batting: LHB Rodney Nealeigh
|
0-0: Foul Ball, location: 2F 0-1: Fielders Choice at 2nd, 5-4 (Groundball, 56S, EV 85.0 MPH)
|
|
Batting: RHB Rich Renteria
|
0-0: SINGLE (Groundball, 4M, EV 99.4 MPH) (infield hit) Rodney Nealeigh to second
|
|
Batting: LHB Tom M Foley
|
0-0: Called Strike 0-1: Called Strike 0-2: Ball 1-2: Strikes out looking
|
|
Batting: RHB Douglas Davis
|
0-0: Ball 1-0: DOUBLE (Line Drive, 7LM, EV 103.1 MPH) Rodney Nealeigh scores Rich Renteria to third Runner from 3rd tries for Home, throw by LF and OUT! 7-6-2
|
| Top of the 1st over - 1 run, 2 hits, 1 error, 1 left on base; Wausau 1 - Danville 0 |
| BOTTOM OF THE 1ST |
|
Danville Veterans batting - Pitching for Wausau Timbers : RHP Brian Buckley
|
|
Pitching: RHP Brian Buckley
|
|
|
Batting: RHB Billy Hatcher
|
0-0: Called Strike 0-1: Ball 1-1: SINGLE (Groundball, 13S, EV 74.4 MPH) (infield hit)
|
|
Batting: LHB Adrian Zepeda
|
0-0: Ball 1-0: Swinging Strike 1-1: Called Strike 1-2: Ball 2-2: Foul Ball, location: 2F 2-2: Ball 3-2: Foul Ball, location: 2F 3-2: Base on Balls Billy Hatcher to second
|
|
Batting: RHB Henry Janssen
|
0-0: Called Strike 0-1: SINGLE (Groundball, 34D, EV 111.3 MPH) Billy Hatcher to third Adrian Zepeda to second Runner from 3rd tries for Home, SAFE, throw by RF to home
|
|
Batting: LHB Mark Salas
|
0-0: Called Strike 0-1: Fly out, F6 (Popup, 6S, EV 71.3 MPH)
|
|
Batting: RHB Barry Brunenkant
|
0-0: Ball Adrian Zepeda steals 3rd base 1-0: Foul Ball, location: 2F 1-1: Ball 2-1: Ball 3-1: Base on Balls Henry Janssen to second
|
|
Batting: RHB Ed Saavedra
|
0-0: Swinging Strike 0-1: SINGLE (Line Drive, 9S, EV 87.5 MPH) Adrian Zepeda scores Henry Janssen to third Barry Brunenkant to second Runner from 3rd tries for Home, SAFE, throw by RF to home
|
|
Batting: RHB Jeff Moronko
|
0-0: Ball 1-0: Ball 2-0: Reached on error, E4 (Groundball, 4, EV 105.6 MPH) Barry Brunenkant to third Ed Saavedra to second
|
|
Batting: RHB Gordon Gauntlett
|
0-0: Ball 1-0: Ball 2-0: Called Strike 2-1: SINGLE (Flyball, 4MD, EV 88.1 MPH) Barry Brunenkant scores Ed Saavedra to third Jeff Moronko to second
|
|
Batting: RHB Tom Hayes
|
0-0: Ball 1-0: Foul Ball, location: 2F 1-1: Fly out, F6 (Popup, 15, EV 76.9 MPH)
|
|
Batting: RHB Billy Hatcher
|
0-0: Ball 1-0: Called Strike 1-1: Foul Ball, location: 2F 1-2: Ball 2-2: Fielders Choice at 2nd, 5-4 (Groundball, 56, EV 99.4 MPH)
|
| Bottom of the 1st over - 4 runs, 4 hits, 1 error, 3 left on base; Wausau 1 - Danville 4 |
| TOP OF THE 2ND |
|
Wausau Timbers batting - Pitching for Danville Veterans : LHP Donald Johnson
|
|
Batting: LHB Ricky Seilheimer
|
0-0: Ball 1-0: Ball 2-0: Fly out, F7 (Line Drive, 7, EV 101.3 MPH)
|
|
Batting: RHB Jeffrey Young
|
0-0: Called Strike 0-1: Ground out 6-3 (Groundball, 56, EV 95.0 MPH)
|
|
Batting: RHB Bruce Chaney
|
0-0: SINGLE (Groundball, 56D, EV 106.3 MPH)
|
|
Batting: SHB James Flores
|
0-0: Called Strike 0-1: Ball 1-1: Foul Ball, location: 2F 1-2: Foul Ball, location: 2F 1-2: Ball Bruce Chaney steals 2nd, throwing error, E2 Bruce Chaney to third 2-2: Ball 3-2: Foul Ball, location: 2F 3-2: Fly out, F9 (Flyball, 9D, EV 109.4 MPH)
|
| Top of the 2nd over - 0 runs, 1 hit, 1 error, 1 left on base; Wausau 1 - Danville 4 |
| BOTTOM OF THE 2ND |
|
Danville Veterans batting - Pitching for Wausau Timbers : RHP Brian Buckley
|
|
Batting: LHB Adrian Zepeda
|
0-0: Fly out, F8 (Flyball, 78XD, EV 105.0 MPH)
|
|
Batting: RHB Henry Janssen
|
0-0: Ball 1-0: Ball 2-0: Ball 3-0: Base on Balls
|
|
Batting: LHB Mark Salas
|
0-0: Ball 1-0: Ball 2-0: Foul Ball, location: 2F 2-1: Foul Ball, location: 2F 2-2: Ball 3-2: Base on Balls Henry Janssen to second
|
|
Batting: RHB Barry Brunenkant
|
0-0: Foul Ball, location: 2F 0-1: Foul Ball, location: 2F 0-2: Ball 1-2: Foul Ball, location: 2F 1-2: Ball 2-2: Ball 3-2: Foul Ball, location: 2F 3-2: SINGLE (Line Drive, 34, EV 95.6 MPH) Henry Janssen to third Mark Salas to second
|
|
Batting: RHB Ed Saavedra
|
0-0: Fielders Choice at 2nd, 4-6 (Groundball, 4, EV 86.9 MPH) Henry Janssen scores Mark Salas to third
|
|
Batting: RHB Jeff Moronko
|
0-0: Ground out 4-3 (Groundball, 4, EV 84.4 MPH)
|
| Bottom of the 2nd over - 1 run, 1 hit, 0 errors, 2 left on base; Wausau 1 - Danville 5 |
| TOP OF THE 3RD |
|
Wausau Timbers batting - Pitching for Danville Veterans : LHP Donald Johnson
|
|
Now at C: Robert Triplett
|
|
|
Batting: SHB Herman Lewis
|
0-0: Called Strike 0-1: Ball 1-1: Called Strike 1-2: Ball 2-2: Ball 3-2: Foul Ball, location: 2F 3-2: Strikes out swinging
|
|
Batting: LHB Rodney Nealeigh
|
0-0: Called Strike 0-1: Called Strike 0-2: Ball 1-2: Strikes out swinging
|
|
Batting: RHB Rich Renteria
|
0-0: Fly out, F4 (Flyball, 4D, EV 87.5 MPH)
|
| Top of the 3rd over - 0 runs, 0 hits, 0 errors, 0 left on base; Wausau 1 - Danville 5 |
| BOTTOM OF THE 3RD |
|
Danville Veterans batting - Pitching for Wausau Timbers : RHP Brian Buckley
|
|
Batting: RHB Gordon Gauntlett
|
0-0: Swinging Strike 0-1: Ball 1-1: Ball 2-1: Ball 3-1: Ground out 6-3 (Groundball, 6D, EV 80.6 MPH)
|
|
Batting: RHB Tom Hayes
|
0-0: Foul Ball, location: 2F 0-1: Swinging Strike 0-2: Ball 1-2: Strikes out swinging
|
|
Batting: RHB Billy Hatcher
|
0-0: Fly out, F8 (Flyball, 8RM, EV 91.3 MPH)
|
| Bottom of the 3rd over - 0 runs, 0 hits, 0 errors, 0 left on base; Wausau 1 - Danville 5 |
| TOP OF THE 4TH |
|
Wausau Timbers batting - Pitching for Danville Veterans : LHP Donald Johnson
|
|
Batting: LHB Tom M Foley
|
0-0: Swinging Strike 0-1: Ground out 3-1 (Groundball, 34, EV 100.0 MPH)
|
|
Batting: RHB Douglas Davis
|
0-0: Foul Ball, location: 2F 0-1: Ball 1-1: Ball 2-1: Fly out, F7 (Flyball, 78D, EV 97.5 MPH)
|
|
Batting: LHB Ricky Seilheimer
|
0-0: Ball 1-0: Foul Ball, location: 2F 1-1: Fly out, F2 (Popup, 2RF, EV 86.9 MPH)
|
| Top of the 4th over - 0 runs, 0 hits, 0 errors, 0 left on base; Wausau 1 - Danville 5 |
| BOTTOM OF THE 4TH |
|
Danville Veterans batting - Pitching for Wausau Timbers : RHP Brian Buckley
|
|
Batting: LHB Adrian Zepeda
|
0-0: Called Strike 0-1: Called Strike 0-2: Ball 1-2: Ball 2-2: Foul Ball, location: 2F 2-2: Foul Ball, location: 2F 2-2: Foul Ball, location: 2F 2-2: Hit by Pitch
|
|
Batting: RHB Henry Janssen
|
0-0: Called Strike Adrian Zepeda steals 2nd base 0-1: Ball 1-1: Ball 2-1: Ball 3-1: Base on Balls
|
|
Batting: LHB Mark Salas
|
0-0: DOUBLE (Groundball, 3L, EV 97.5 MPH) Adrian Zepeda scores Henry Janssen to third Runner from 3rd tries for Home, SAFE, throw by RF to trailing runner, SAFE at third!
|
|
Pitching: RHP Daniel Pierce
|
|
|
Batting: RHB Robert Triplett
|
0-0: Called Strike 0-1: Ball 1-1: Swinging Strike 1-2: Ball 2-2: Foul Ball, location: 2F 2-2: Ball 3-2: SINGLE (Groundball, 6, EV 102.5 MPH) Mark Salas scores
|
|
Batting: RHB Ed Saavedra
|
0-0: Ball 1-0: Ball 2-0: Called Strike 2-1: SINGLE (Flyball, 8RS, EV 86.3 MPH) Robert Triplett to second
|
|
Batting: RHB Jeff Moronko
|
0-0: Called Strike 0-1: Called Strike 0-2: Ball 1-2: Fly out, F9 (Flyball, 9LS, EV 88.1 MPH)
|
|
Batting: RHB Gordon Gauntlett
|
0-0: Grounds into double play, 4-6-3 (Groundball, 4, EV 80.0 MPH)
|
| Bottom of the 4th over - 3 runs, 3 hits, 0 errors, 1 left on base; Wausau 1 - Danville 8 |
| TOP OF THE 5TH |
|
Wausau Timbers batting - Pitching for Danville Veterans : LHP Donald Johnson
|
|
Batting: RHB Jeffrey Young
|
0-0: Ball 1-0: Fly out, F7 (Flyball, 7LM, EV 90.0 MPH)
|
|
Batting: RHB Bruce Chaney
|
0-0: Called Strike 0-1: Ball 1-1: Ground out 5-3 (Groundball, 56S, EV 80.0 MPH)
|
|
Batting: SHB James Flores
|
0-0: Ball 1-0: Called Strike 1-1: Ball 2-1: Ball 3-1: Base on Balls
|
|
Batting: SHB Herman Lewis
|
0-0: Swinging Strike 0-1: Foul Ball, location: 2F 0-2: SINGLE (Groundball, 25, EV 65.0 MPH) (infield hit) James Flores to second
|
|
Batting: LHB Rodney Nealeigh
|
0-0: Fielders Choice at 2nd, 6-4 (Groundball, 6, EV 104.4 MPH)
|
| Top of the 5th over - 0 runs, 1 hit, 0 errors, 2 left on base; Wausau 1 - Danville 8 |
| BOTTOM OF THE 5TH |
|
Danville Veterans batting - Pitching for Wausau Timbers : RHP Daniel Pierce
|
|
Batting: RHB Tom Hayes
|
0-0: Ball 1-0: Ball 2-0: Ground out 4-3 (Groundball, 4MS, EV 86.9 MPH)
|
|
Batting: RHB Billy Hatcher
|
0-0: Called Strike 0-1: Ball 1-1: Fly out, F7 (Flyball, 78D, EV 96.3 MPH)
|
|
Batting: LHB Adrian Zepeda
|
0-0: Called Strike 0-1: Foul Ball, location: 2F 0-2: Ground out U3 (Groundball, 34S, EV 87.5 MPH)
|
| Bottom of the 5th over - 0 runs, 0 hits, 0 errors, 0 left on base; Wausau 1 - Danville 8 |
| TOP OF THE 6TH |
|
Wausau Timbers batting - Pitching for Danville Veterans : LHP Donald Johnson
|
|
Batting: RHB Rich Renteria
|
0-0: SINGLE (Line Drive, 3D, EV 102.5 MPH)
|
|
Batting: LHB Tom M Foley
|
0-0: Swinging Strike 0-1: Foul Ball, location: 2F 0-2: Fly out, F8 (Flyball, 89D, EV 93.8 MPH)
|
|
Batting: RHB Douglas Davis
|
0-0: Fly out, F5 (Flyball, 5D, EV 92.5 MPH)
|
|
Batting: LHB Ricky Seilheimer
|
0-0: Called Strike 0-1: Ball 1-1: DOUBLE (Flyball, 7LD, EV 109.4 MPH) Rich Renteria to third Runner from 3rd tries for Home, SAFE, throw by LF to home
|
|
Batting: RHB Jeffrey Young
|
0-0: Ball 1-0: TRIPLE (Flyball, 89XD, EV 114.4 MPH) Ricky Seilheimer scores
|
|
Batting: RHB Bruce Chaney
|
0-0: Ball 1-0: Called Strike 1-1: SINGLE (Line Drive, 34D, EV 103.8 MPH) Jeffrey Young scores
|
|
Batting: SHB James Flores
|
0-0: Called Strike 0-1: Ball 1-1: Ball 2-1: Ball 3-1: Base on Balls Bruce Chaney to second
|
|
Batting: SHB Herman Lewis
|
0-0: Called Strike 0-1: Foul Ball, location: 2F 0-2: SINGLE (Line Drive, 6MD, EV 103.1 MPH) Bruce Chaney to third James Flores to second Runner from 3rd tries for Home, SAFE, throw by CF to home
|
|
Batting: LHB Rodney Nealeigh
|
0-0: Called Strike 0-1: Called Strike 0-2: Ball 1-2: Ball 2-2: Ball 3-2: Foul Ball, location: 2F 3-2: Ground out 6-3 (Groundball, 6, EV 86.9 MPH)
|
| Top of the 6th over - 4 runs, 5 hits, 0 errors, 2 left on base; Wausau 5 - Danville 8 |
| BOTTOM OF THE 6TH |
|
Danville Veterans batting - Pitching for Wausau Timbers : RHP Daniel Pierce
|
|
Batting: RHB Henry Janssen
|
0-0: Foul Ball, location: 2F 0-1: Foul Ball, location: 2F 0-2: Fly out, F9 (Flyball, 89M, EV 98.8 MPH)
|
|
Batting: LHB Mark Salas
|
0-0: Ball 1-0: Ball 2-0: Ball 3-0: Base on Balls
|
|
Batting: RHB Robert Triplett
|
0-0: Called Strike 0-1: Ball 1-1: Swinging Strike 1-2: Foul Ball, location: 2F 1-2: Grounds into double play, 4-6-3 (Groundball, 4, EV 78.8 MPH)
|
| Bottom of the 6th over - 0 runs, 0 hits, 0 errors, 0 left on base; Wausau 5 - Danville 8 |
| TOP OF THE 7TH |
|
Wausau Timbers batting - Pitching for Danville Veterans : LHP Donald Johnson
|
|
Batting: RHB Rich Renteria
|
0-0: Ground out U3 (Groundball, 23, EV 90.6 MPH)
|
|
Batting: LHB Tom M Foley
|
0-0: Fly out, F3 (Popup, 3F, EV 76.9 MPH)
|
|
Batting: RHB Douglas Davis
|
0-0: Ball 1-0: Called Strike 1-1: Ball 2-1: Foul Ball, location: 2F 2-2: Foul Ball, location: 2F 2-2: Fly out, F8 (Flyball, 8RXD, EV 95.0 MPH)
|
| Top of the 7th over - 0 runs, 0 hits, 0 errors, 0 left on base; Wausau 5 - Danville 8 |
| BOTTOM OF THE 7TH |
|
Danville Veterans batting - Pitching for Wausau Timbers : RHP Daniel Pierce
|
|
Batting: RHB Ed Saavedra
|
0-0: Ball 1-0: Ball 2-0: Ball 3-0: Base on Balls
|
|
Batting: RHB Jeff Moronko
|
0-0: Ball 1-0: Called Strike 1-1: Called Strike 1-2: 2-RUN HOME RUN (Flyball, 78XD, EV 95.0 MPH), Distance : 405 ft
|
|
Batting: RHB Gordon Gauntlett
|
0-0: Called Strike 0-1: Ball 1-1: Foul Ball, location: 2F 1-2: Foul Ball, location: 2F 1-2: Foul Ball, location: 2F 1-2: Ground out 3-1 (Groundball, 34, EV 88.1 MPH)
|
|
Batting: RHB Tom Hayes
|
0-0: Ball 1-0: Ball 2-0: Ground out 6-3 (Groundball, 6, EV 79.4 MPH)
|
|
Batting: RHB Billy Hatcher
|
0-0: Ball 1-0: Called Strike 1-1: Ground out U3 (Groundball, 34S, EV 89.4 MPH)
|
| Bottom of the 7th over - 2 runs, 1 hit, 0 errors, 0 left on base; Wausau 5 - Danville 10 |
| TOP OF THE 8TH |
|
Wausau Timbers batting - Pitching for Danville Veterans : LHP Donald Johnson
|
|
Batting: LHB Ricky Seilheimer
|
0-0: Ball 1-0: Ball 2-0: Called Strike 2-1: Ball 3-1: Called Strike 3-2: Fly out, F7 (Flyball, 78M, EV 83.1 MPH)
|
|
Batting: RHB Jeffrey Young
|
0-0: Ball 1-0: Called Strike 1-1: Foul Ball, location: 2F 1-2: Strikes out swinging, 2-3 out at first.
|
|
Batting: RHB Bruce Chaney
|
0-0: Ball 1-0: Called Strike 1-1: Ball 2-1: Ground out 6-3 (Groundball, 6, EV 90.6 MPH)
|
| Top of the 8th over - 0 runs, 0 hits, 0 errors, 0 left on base; Wausau 5 - Danville 10 |
| BOTTOM OF THE 8TH |
|
Danville Veterans batting - Pitching for Wausau Timbers : RHP Daniel Pierce
|
|
Batting: LHB Adrian Zepeda
|
0-0: Ball 1-0: Ball 2-0: Ball 3-0: Base on Balls
|
|
Pitching: RHP Alan Holbrook
|
|
|
Batting: RHB Henry Janssen
|
0-0: Ball 1-0: Fly out, F9 (Line Drive, 9, EV 91.9 MPH)
|
|
Batting: LHB Mark Salas
|
0-0: Ball 1-0: Ball 2-0: SINGLE (Line Drive, 8LS, EV 90.0 MPH) Adrian Zepeda to second
|
|
Batting: RHB Robert Triplett
|
0-0: Foul Ball, location: 2F 0-1: Foul Ball, location: 2F 0-2: Ball 1-2: Fly out, F8 (Line Drive, 8LD, EV 93.8 MPH)
|
|
Batting: RHB Ed Saavedra
|
0-0: Ball 1-0: Foul Ball, location: 2F 1-1: Ball 2-1: Ball 3-1: Swinging Strike 3-2: Ground out 5-3 (Groundball, 56, EV 88.8 MPH)
|
| Bottom of the 8th over - 0 runs, 1 hit, 0 errors, 2 left on base; Wausau 5 - Danville 10 |
| TOP OF THE 9TH |
|
Wausau Timbers batting - Pitching for Danville Veterans : LHP Donald Johnson
|
|
Batting: SHB James Flores
|
0-0: Ball 1-0: Called Strike 1-1: Foul Ball, location: 2F 1-2: Ball 2-2: Foul Ball, location: 2F 2-2: Foul Ball, location: 2F 2-2: Strikes out looking
|
|
Batting: SHB Herman Lewis
|
0-0: Ball 1-0: Ball 2-0: Hit by Pitch
|
|
Batting: LHB Rodney Nealeigh
|
0-0: Fielders Choice at 2nd, 5-4 (Groundball, 5, EV 88.8 MPH)
|
|
Batting: RHB Rich Renteria
|
0-0: Ball 1-0: SINGLE (Line Drive, 34D, EV 108.8 MPH) Rodney Nealeigh to second
|
|
Batting: LHB Tom M Foley
|
0-0: Ball 1-0: Ball 2-0: SINGLE (Line Drive, 7S, EV 99.4 MPH) Rodney Nealeigh to third Rich Renteria to second
|
|
Batting: RHB Douglas Davis
|
0-0: Fly out, F4 (Popup, 34D, EV 73.8 MPH)
|
| Top of the 9th over - 0 runs, 2 hits, 0 errors, 3 left on base; Wausau 5 - Danville 10 |
|